 Dungeon Crawl Stone Soup version 0.29.1-2-gbd0b4ee654 (webtiles) character file.

Game seed: 12076283919235543042

222 LustLizard the Firebug (level 5, 0/41 HPs)
             Began as a Hill Orc Fire Elementalist on Nov 7, 2022.
             Engulfed by a cloud of flame (22 damage)
             ... on level 3 of the Dungeon.
             The game lasted 00:05:25 (2508 turns).

LustLizard the Firebug (Hill Orc Fire Elementalist) Turns: 2508, Time: 00:05:25

Health: 0/41       AC:  4    Str: 13    XL:     5   Next: 99%
Magic:  0/8        EV: 12    Int: 27    God:
Gold:   204        SH:  0    Dex: 11    Spells: 2/8 levels left

rFire   . . .      SeeInvis .   i - +0 war axe
rCold   . . .      Faith    .   (no shield)
rNeg    + . .      Spirit   .   m - +2 robe {rN+}
rPois   .          Reflect  .   (no helmet)
rElec   .          Harm     .   (no cloak)
rCorr   .          Rampage  .   (no gloves)
Will    .....                   (no boots)
Stlth   ++........              (no amulet)
HPRegen 0.13/turn               o - +6 ring of intelligence
MPRegen 0.11/turn               n - +6 ring of intelligence

@: no status effects
A: no striking features
a: no special abilities


You were on level 3 of the Dungeon.
You visited 1 branch of the dungeon, and saw 3 of its levels.

You collected 204 gold pieces.

Inventory:

Hand Weapons
 e - a +0 dagger
 i - a +0 war axe (weapon)
Armour
 a - a +0 robe
 m - a +2 robe of positive energy (worn)
Jewellery
 l - a ring of magical power
 n - a +6 ring of intelligence (right hand)
 o - a +6 ring of intelligence (left hand)
Scrolls
 d - a scroll of blinking {unknown}
 f - a scroll of fear {unknown}
 g - 2 scrolls of teleportation {unknown}
 j - 2 scrolls of enchant weapon {unknown}
 q - 2 scrolls of immolation {unknown}
Potions
 b - 2 potions of magic
 c - a potion of lignification {unknown}
 h - 2 potions of curing
 k - a potion of brilliance {unknown}
 p - a potion of heal wounds {unknown}


   Skills:
 + Level 1.9 Fighting
 * Level 2.4 Axes
 - Level 1.5 Dodging
 + Level 2.4 Stealth
 + Level 2.0 Spellcasting
 * Level 2.9 Conjurations
 * Level 4.5 Fire Magic


You had 2 spell levels left.
You knew the following spells:

 Your Spells              Type           Power      Damage    Failure   Level
a - Foxfire               Conj/Fire      92%        2x1d8     1%          1
b - Inner Flame           Hex/Fire       15%        N/A       12%         3
c - Scorch                Fire           54%        2d7       2%          2

Your spell library contained the following spells:

 Spells                   Type           Power      Damage    Failure   Level
 Conjure Flame            Conj/Fire      23%        6-21      6%          3
 Flame Wave               Conj/Fire      23%        2d8       21%         4


Dungeon Overview and Level Annotations

Branches:
Dungeon (3/15)

Altars:
Uskayaw


Message History

A quokka comes into view.
The bat hits the plant.
The plant begins to die.
A nearby plant withers and dies.
The bat hits the plant. x3
Casting: Foxfire (safe; 1% risk of failure)
Confirm with . or Enter, or press ? or * to list all spells.
You conjure some foxfire!
A nearby plant withers and dies.
The bat hits the plant. x3
The bat completely misses the plant.
The foxfire hits the quokka!
You kill the quokka!
The bat hits the plant.
A rat comes into view.
The bat hits the plant.
A nearby plant withers and dies.
The plant is engulfed in a cloud of scalding steam.
The plant begins to die.
The plant is engulfed in a cloud of scalding steam.
The plant begins to die.
The foxfire hits the bat.
The bat is heavily wounded.
The plant is engulfed in a cloud of scalding steam.
A nearby plant withers and dies.
The plant is engulfed in a cloud of scalding steam. x2
The bat barely misses you.
Casting: Foxfire (safe; 1% risk of failure)
Confirm with . or Enter, or press ? or * to list all spells.
Aiming: Inner Flame (dangerous; 12% risk of failure)
Press: ? - help, Dir - move target, f - bat
Aim: a bat (heavily wounded, chance to affect: 83%)
The bat is filled with an inner flame.
The plant is engulfed in a cloud of scalding steam.
The bat misses you.
Flames lash the bat.
The bat explodes!
The fiery explosion engulfs the plant!
The plant begins to die.
The plant is lightly damaged.
The fiery explosion engulfs you!!
The fiery explosion engulfs the plant!!
The plant begins to die.
The plant is lightly damaged.
You are engulfed in blazing flames.
Ouch! That really hurt!
You die...

#.#.# ####..........#
#.#.# #..........#
##†#.# ####..######
#..#.# #(.# #.##.# #..#
>.##.##########..#
................(#
..##.####.#####.#####
.###.##...##....@§§.#
####.##.###...P.PP§P~~..
..##.##.###P.PPP~~♣~~~.#
#.##....PPP~~≈♣≈♣~~ rP.#
.......PPPP~♣♣♣~..~P .##
.......~P~♣♣♣ P~~.### #
......PP~~♣ P~...
......P~~♣♣


P~P .. ######~P~♣ You could see a rat.

Vanquished Creatures
  Sigmund (D:2)
  An adder (D:3)
  2 worms (D:2)
  A dart slug (D:1)
  An orc (D:3)
  3 bats
  6 endoplasms
  5 giant cockroaches
  4 goblins
  2 hobgoblins (D:2)
  2 jackals (D:1)
  2 quokkas
  3 ball pythons
  4 frilled lizards
  3 kobolds
  9 rats
49 creatures vanquished.

Vanquished Creatures (collateral kills)
  4 foxfires (D:3)
4 creatures vanquished.

Vanquished Creatures (others)
  156 foxfires
  4 plants (D:3)
160 creatures vanquished.

Grand Total: 213 creatures vanquished

Notes
Turn   | Place    | Note
-------+----------+-------------------------------------------
     0 | D:1      | LustLizard the Hill Orc Fire Elementalist began the quest
                  | for the Orb.
     0 | D:1      | Reached XP level 1. HP: 14/14 MP: 3/3
   178 | D:1      | Reached XP level 2. HP: 22/22 MP: 2/4
   622 | D:1      | Found a faded altar of an unknown god.
   631 | D:1      | Reached XP level 3. HP: 27/27 MP: 2/5
   897 | D:2      | Noticed Sigmund
  1491 | D:2      | Reached skill level 1 in Fighting
  1548 | D:2      | Found a hide-covered altar of Uskayaw.
  1873 | D:2      | Killed Sigmund
  1874 | D:2      | Reached skill level 4 in Fire Magic
  1874 | D:2      | Reached XP level 4. HP: 18/36 MP: 5/7
  1874 | D:2      | Reached XP level 5. HP: 21/41 MP: 5/8
  2332 | D:3      | Learned a level 3 spell: Inner Flame
  2335 | D:3      | Learned a level 2 spell: Scorch
  2508 | D:3      | Engulfed by a cloud of flame

Illustrated notes

Levels and vault maps discovered:
D:1:      minmay_arrival_semitransparent, layout_rooms,
          chequers_ecumenical_altar_simple_redux
D:2:      layout_rooms, basic_altar, minmay_misc_feat_rows, uniq_sigmund
D:3:      layout_rooms, serial_bayou_lagoon_a

Skill      XL: |  1  2  3 |
---------------+----------+-----
Conjurations   | 2 |  2.9
Stealth        | 2 |  2.4
Fighting       | 1 |  1.9
Axes           | 2 |  2.4
Spellcasting   | 2 |  2.0
Fire Magic     | 4 |  4.5
Dodging        | |  1.5

Action                   |  1- 3 |  4- 6 || total
-------------------------+-------+-------++-------
Melee: Unarmed           |     2 |       ||     2
       Dagger            |    16 |       ||    16
       War axe           |    20 |     8 ||    28
 Cast: Foxfire           |    70 |    20 ||    90
       Scorch            |       |     2 ||     2
       Inner Flame       |       |     1 ||     1
Armor: Robe              |    12 |     3 ||    15
Dodge: Dodged            |    28 |     7 ||    35
